 Dungeon Crawl Stone Soup version 0.23-a0-696-gf95311e5ea (webtiles) character file.

2331 Fandomethor the Quickloader (level 9, 0/48 HPs)
             Began as a Tengu Hunter on Jan 12, 2019.
             Was a Follower of Okawaru.
             Slain by a hog (12 damage)
             ... on level 7 of the Dungeon.
             The game lasted 00:18:38 (7435 turns).

Fandomethor the Quickloader (Tengu Hunter)          Turns: 7435, Time: 00:18:39

Health: 0/48       AC:  4    Str: 12    XL:     9   Next: 42%
Magic:  10/10      EV: 12    Int: 13    God:    Okawaru [*.....]
Gold:   429        SH:  0    Dex: 20    Spells: 8/8 levels left

rFire    . . .     SeeInvis .   b - +2 dagger (venom)
rCold    . . .     Gourm    .   (no shield)
rNeg     . . .     Faith    .   c - +0 leather armour
rPois    .         Spirit   .   (helmet restricted)
rElec    .         Reflect  .   e - +0 cloak
rCorr    .         Harm     .   (no gloves)
MR       .....                  (boots unavailable)
Stlth    ++........             (no amulet)
HPRegen  0.16/turn              j - +3 ring of dexterity
MPRegen  0.12/turn              (no ring)

@: no status effects
A: beak, talons 3, able to fly 1
a: Fly, Heroism, Renounce Religion


You were on level 7 of the Dungeon.
You worshipped Okawaru.
Okawaru was aware of your devotion.
You were hungry.

You visited 2 branches of the dungeon, and saw 8 of its levels.

You collected 429 gold pieces.

Inventory:

Hand Weapons
 a - a +1 hand crossbow
 b - a +2 dagger of venom (weapon)
Missiles
 d - 10 bolts
 k - 55 arrows
Armour
 c - a +0 leather armour (worn)
 e - a +0 cloak (worn)
Jewellery
 j - a +3 ring of dexterity (left hand)
 t - an uncursed ring of resist corrosion {unknown}
 y - an uncursed amulet of regeneration {unknown}
 z - the amulet "Gaeder" {Spirit rC+ MR+ Stlth-, unknown}
   (You found it on level 5 of the Dungeon)

   [amulet of guardian spirit]

   It causes incoming damage to be split between your health and magic.
   It protects you from cold.
   It affects your resistance to hostile enchantments.
   It makes you less stealthy.
 C - a cursed -4 ring of strength {unknown}
Wands
 D - a wand of random effects (12)
Scrolls
 g - a scroll of magic mapping {unknown}
 i - a scroll of enchant weapon {unknown}
 m - 8 scrolls of remove curse
 n - 2 scrolls of fog {unknown}
 o - 8 scrolls of identify {unknown}
 p - a scroll of teleportation
 r - 4 scrolls of amnesia {unknown}
 x - a scroll of immolation {unknown}
Potions
 l - a potion of might
 q - a potion of degeneration {unknown}
 s - 2 potions of brilliance
 u - a potion of magic
 v - a potion of ambrosia {unknown}
 w - 2 potions of lignification {unknown}
 A - a potion of resistance {unknown}
 B - a potion of agility {unknown}
Comestibles
 f - 13 rations


   Skills:
 - Level 2.0 Fighting
 + Level 13.6 Crossbows
 - Level 2.1 Dodging
 - Level 1.0 Stealth


You had 8 spell levels left.
You didn't know any spells.
Your spell library contained the following spells:

 Spells                   Type           Power        Failure   Level  Hunger
 Corona                   Hex            #......      36%         1    ##.....
 Slow                     Hex            #.......     52%         2    ###....
 Inner Flame              Hex/Fire       #.......     75%         3    ####...
 Portal Projectile        Hex/Tloc       #.....       75%         3    ####...
 Cause Fear               Hex            #.........   98%         4    #####..
 Leda's Liquefaction      Hex/Erth       #.........   98%         4    #####..


Dungeon Overview and Level Annotations

Branches:
Dungeon (7/15)             Temple (1/1) D:6

Altars:
Ashenzari
Cheibriados
Dithmenos
Elyvilon
Fedhas
Gozag
Hepliaklqana
Kikubaaqudgha
Makhleb
Nemelex Xobeh
Okawaru
Qazlal
Ru
Sif Muna
Trog
Uskayaw
Vehumet
Wu Jian
Xom
Yredelemnul
Zin
The Shining One

Annotations:
D:7 2 transporters, kaisn's ghost, novice NaWz


Innate Abilities, Weirdness & Mutations

You have a beak for a mouth.
You have claws for feet.
You can fly.


Message History

You hit the hog but do no damage.
The hog is poisoned.
You claw the hog.
The hog is lightly wounded.
The hog barely misses you.
You hit the hog but do no damage. You claw the hog.
The hog is moderately wounded.
The hog bites you.
You closely miss the hog. You claw the hog. Your peck misses the hog.
The hog is moderately wounded.
The hog bites you!
* * * LOW HITPOINT WARNING * * *
The hog bites you but does no damage.
You closely miss the hog. You peck the hog.
The hog is moderately wounded.
The hog bites you.
* * * LOW HITPOINT WARNING * * *
The hog bites you.
* * * LOW HITPOINT WARNING * * *
Unknown command.
You feel better. The hog bites you!
You die...

#.........h......##....
#.........#'###########
#.......###.h#..#
######.## #..#h.# #.#
#..'h.# #.# #%.#..# ###
#.####%%#..#
###...#h...#######
.......@.......
#............##
#...>.......<..
#............##
##..........##
##...##<..## #### ####


You could see a hog.

Vanquished Creatures
  Grinder (D:6)
  A hippogriff (D:7)
  2 hogs (D:7)
  A human (D:7)
  A hungry ghost (D:7)
  Duvessa (D:5)
  2 ice beasts
  2 sky beasts
  An ogre (D:4)
  A centaur (D:5)
  2 bullfrogs
  Dowan (D:4)
  A howler monkey (D:6)
  2 crimson imps
  4 hounds
  A jelly (D:6)
  An iguana (D:4)
  3 orc wizards
  A worker ant zombie (D:7)
  10 adders
  2 oozes
  An adder skeleton (D:3)
  A worm (D:2)
  A dart slug (D:1)
  2 leopard geckos
  9 orcs
  5 ball pythons
  8 bats
  4 giant cockroaches
  8 goblins
  13 hobgoblins
  10 jackals
  5 quokkas
  4 frilled lizards
  8 kobolds
  A leopard gecko skeleton (D:4)
  A quokka zombie (D:5)
  7 rats
129 creatures vanquished.

Notes
Turn   | Place    | Note
-------+----------+-------------------------------------------
     0 | D:1      | Fandomethor the Tengu Hunter began the quest for the Orb.
     0 | D:1      | Reached XP level 1. HP: 12/12 MP: 2/2
    95 | D:1      | Reached XP level 2. HP: 15/17 MP: 3/3
   113 | D:1      | Reached skill level 5 in Crossbows
   368 | D:1      | Reached XP level 3. HP: 15/21 MP: 4/4
   514 | D:1      | Found a snail-covered altar of Cheibriados.
  1325 | D:3      | Reached skill level 6 in Crossbows
  1329 | D:3      | Reached XP level 4. HP: 26/26 MP: 5/5
  1567 | D:3      | Found a faded altar of an unknown god.
  1992 | D:3      | Reached skill level 7 in Crossbows
  1992 | D:3      | Gained mutation: You can fly. [Tengu growth]
  1992 | D:3      | Reached XP level 5. HP: 19/30 MP: 6/6
  2925 | D:4      | Reached XP level 6. HP: 10/35 MP: 7/7
  3241 | D:4      | Reached skill level 8 in Crossbows
  3490 | D:4      | Found a basalt altar of Yredelemnul.
  3514 | D:5      | Entered Level 5 of the Dungeon
  3586 | D:5      | Reached XP level 7. HP: 29/40 MP: 8/8
  3636 | D:5      | Reached skill level 9 in Crossbows
  3974 | D:5      | Noticed Dowan
  3976 | D:5      | Noticed Duvessa
  4266 | D:5      | Killed Duvessa
  4444 | D:4      | Killed Dowan
  4625 | D:5      | Reached skill level 10 in Crossbows
  4883 | D:5      | Got a clouded pewter amulet
  4926 | D:5      | Reached XP level 8. HP: 37/44 MP: 9/9
  5320 | D:6      | Reached skill level 11 in Crossbows
  5946 | D:6      | Noticed Grinder
  5965 | D:6      | Paralysed by Grinder for 4 turns
  5976 | D:6      | Killed Grinder
  6004 | D:6      | Found a staircase to the Ecumenical Temple.
  6030 | D:6      | Reached skill level 12 in Crossbows
  6128 | Temple   | Entered the Ecumenical Temple
  6136 | Temple   | Became a worshipper of Warmaster Okawaru
  6751 | D:7      | Found a transporter.
  6754 | D:7      | Noticed kaisn's ghost (novice NaWz)
  6817 | D:7      | Found a transporter.
  6838 | D:7      | Reached XP level 9. HP: 48/48 MP: 10/10
  6845 | D:7      | Reached * piety under Okawaru
  6847 | D:7      | Reached skill level 13 in Crossbows
  6931 | D:7      | HP: 1/48 [hog (13)]
  7435 | D:7      | Slain by a hog

Vault maps used:
D:1:      dpeg_arrival_rooms_a, minmay_parallelograms, cheibriados_altar_1
D:2:      minmay_misc_feat_tower
D:3:      chequers_ecumenical_altar_simple, minmay_misc_feat_square
D:4:      kennysheep_mini_moat, first_ration
D:5:      uniq_duvessa
D:6:      minmay_temple_entry_wispy, serial_bayou_pond_d, uniq_grinder
D:7:      gammafunk_ghost_hive, grunt_livestock
Temple:   dpeg_three_leaves_temple

Skill      XL: |  1  2  3  4  5  6  7  8  9 |
---------------+----------------------------+-----
Crossbows      | 5 6 7 8 10 12 13 | 13.6
Fighting       | |  2.0
Dodging        | |  2.1
Stealth        | |  1.0

Action                   |  1- 3 |  4- 6 |  7- 9 || total
-------------------------+-------+-------+-------++-------
Melee: Short sword       |    90 |    57 |       ||   147
       Peck              |    14 |    20 |    40 ||    74
       Kick              |    26 |    31 |    57 ||   114
       Dagger            |       |    47 |   149 ||   196
 Fire: Hand crossbow     |    15 |    19 |    58 ||    92
 Abil: Fly               |       |     1 |       ||     1
  Use: Potion            |       |     2 |     6 ||     8
       Scroll            |       |       |     3 ||     3
 Stab: Sleeping          |     2 |     1 |     3 ||     6
  Eat: Chunk             |     1 |     7 |    10 ||    18
       Ration            |       |       |     1 ||     1
Armor: Leather armour    |    24 |    25 |    33 ||    82
Dodge: Dodged            |    57 |    63 |    71 ||   191

Table legend:
 A = Non-vault XP
 B = Vault XP
 C = Vault XP percentage of total XP
 D = Non-vault monster count
 E = Vault monster count
 F = Vault count percentage of total count
                 A         B        C        D         E       F
            +---------+---------+-------+---------+---------+-------
      Total |    2205 |    1125 |  33.8 |     123 |       6 |   4.7
            +---------+---------+-------+---------+---------+-------
        D:1 |      51 |       0 |   0.0 |      29 |       0 |   0.0
        D:2 |      26 |       0 |   0.0 |      13 |       0 |   0.0
        D:3 |     192 |       0 |   0.0 |      33 |       0 |   0.0
        D:4 |     246 |      78 |  24.1 |      12 |       1 |   7.7
        D:5 |     481 |     149 |  23.7 |       9 |       1 |  10.0
        D:6 |     601 |     295 |  32.9 |      17 |       1 |   5.6
        D:7 |     608 |     603 |  49.8 |      10 |       3 |  23.1
            +---------+---------+-------+---------+---------+-------
